 Dungeon Crawl Stone Soup version 0.19.1-1-g22dce08 (webtiles) character file.

2745 graki42 the Thaumaturge (level 9, -1/47 HPs)
             Began as a Deep Elf Fire Elementalist on Jan 7, 2017.
             Was a Follower of Vehumet.
             Hit by a tomahawk of returning thrown by an orc warrior (11 damage)
             ... on level 7 of the Dungeon.
             The game lasted 00:39:15 (7810 turns).

graki42 the Thaumaturge (DEFE)                      Turns: 7810, Time: 00:39:16

Health: -1/47      AC:  5    Str:  6    XL:     9   Next: 41%
Magic:  11/25      EV: 15    Int: 21    God:    Vehumet [*.....]
Gold:   501        SH:  0    Dex: 15    Spells: 5 memorised, 12 levels left

rFire  . . .     SeeInvis .     n - staff of energy
rCold  . . .     Gourm    .     a - +0 robe
rNeg   . . .     Faith    .     (no shield)
rPois  +         Spirit   .     r - +1 helmet
rElec  .         Reflect  .     C - +0 cloak
rCorr  .         Harm     .     (no gloves)
MR     .....     Rnd*Rage +     (no boots)
Stlth  +++.......               (no amulet)
                                (no ring)
                                (no ring)

@: very slightly contaminated, drained
A: talons 1, berserk 1, poison resistance, weak 1, MP-powered wands
a: Renounce Religion


You were on level 7 of the Dungeon.
You worshipped Vehumet.
Vehumet was aware of your devotion.
You were hungry.

You visited 2 branches of the dungeon, and saw 9 of its levels.
You also visited: Sewer.

You collected 501 gold pieces.

Inventory:

Hand Weapons
 v - a +3 blowgun
Missiles
 j - 7 needles of confusion
Armour
 a - a +0 robe (worn)
 r - a +1 helmet (worn)
 C - a +0 cloak (worn)
Magical Staves
 n - an uncursed staff of energy (weapon)
Jewellery
 m - an uncursed amulet of magic regeneration {unknown}
 B - an uncursed ring of stealth {unknown}
Wands
 l - a wand of paralysis (11/24)
 y - a wand of lightning (4/15)
 A - a wand of lightning (10/15)
Scrolls
 f - a scroll of fear
 i - 3 scrolls of noise
 k - a scroll of amnesia {unknown}
 u - a scroll of teleportation {unknown}
 x - a scroll of enchant weapon {unknown}
Potions
 e - 2 potions of flight {unknown}
 h - 6 potions of curing
 o - 2 potions of haste
 p - 2 potions of ambrosia
 q - 2 potions of lignification {unknown}
 s - 4 potions of heal wounds
 t - a potion of magic
 w - 2 potions of agility {unknown}
 z - 3 potions of brilliance
Comestibles
 b - 2 fruits
 c - 5 bread rations
 g - 2 meat rations


   Skills:
 + Level 1.0(0.9) Fighting
   Level 0.2(0.0) Short Blades
 + Level 4.9(4.7) Dodging
 + Level 4.3(4.1) Stealth
 + Level 0.1(0.0) Unarmed Combat
 + Level 10.2(10.1) Spellcasting
 + Level 6.7(6.5) Conjurations
 + Level 2.4(2.3) Hexes
 + Level 7.9(7.7) Fire Magic
 + Level 0.4(0.3) Evocations


You had 12 spell levels left.
You knew the following spells:

 Your Spells              Type           Power        Failure   Level  Hunger
a - Flame Tongue          Conj/Fire      #####        1%          1    None
b - Conjure Flame         Conj/Fire      #####...     1%          3    None
c - Inner Flame           Hex/Fire       ####....     2%          3    None
d - Sticky Flame          Conj/Fire      #####...     3%          4    None
e - Fireball              Conj/Fire      #####.....   12%         5    None


Dungeon Overview and Level Annotations

Branches:
Dungeon (8/15)             Temple (1/1) D:7
   Lair: D:8-11

Altars:
Ashenzari
Cheibriados
Fedhas
Gozag
Hepliaklqana
Kikubaaqudgha
Makhleb
Nemelex Xobeh
Okawaru
Qazlal
Ru
Sif Muna
Uskayaw
Vehumet
Zin

Shops:
D:6 =


Innate Abilities, Weirdness & Mutations

You have sharp toenails.
You tend to lose your temper in combat.
Your system is resistant to poisons. (rPois)
You are weak. (Str -2)
You expend magic power (3 MP) to strengthen your wands.


Message History

An orc warrior is nearby!
Casting: Sticky Flame
Confirm with . or Enter, or press ? or * to list all spells.
Aiming: Conjure Flame
Press: ? - help, Dir - move target cursor The fire roars!
The orc warrior shouts!
The orc warrior throws a tomahawk of returning.
The tomahawk of returning closely misses you.
The weapon returns to the orc warrior!
The orc warrior throws a tomahawk of returning.
The tomahawk of returning closely misses you.
The orc warrior throws a tomahawk of returning.
The tomahawk of returning hits you.
* * * LOW HITPOINT WARNING * * *
The weapon returns to the orc warrior!
You are feeling hungry.
The orc warrior throws a tomahawk of returning.
The tomahawk of returning hits you!
You die...

...#######...######.###
.#....................#####
...######.............>...#
...............####.#.###.#
.....##.........# #.#.# #.#
....[(.....>....###.#.# #.#
#.##.##.............#.# #.#
#.().###.......######.###.##
###(.# ##.....#.@..........#
#..# ##....#.##.##.##...#
#..# #.##.#.##.##.##...#
###..# #.##.#(##.##......#
.....# #.##.#†##.##.##.#.#
###(#### #.##.#§##.##.##.#.#
.##(...###.......#.......#.#
.##((...(.....#o.####.##.#.#
.#.......######.[# #.##.#.#


You could see an orc warrior.

Vanquished Creatures
  Pikel (D:6)
  Eustachio (D:5)
  An orc warrior (D:8)
  An ice beast (D:7)
  An ogre (D:6)
  A centaur (D:7)
  A phantom (D:5)
  A big kobold (D:7)
  2 bullfrogs (D:6)
  9 wights (D:8)
  A howler monkey (D:4)
  A jelly (D:8)
  3 bullfrog skeletons
  6 orc priests
  3 hounds
  Crazy Yiuf (D:3)
  A centaur skeleton (D:6)
  2 iguanas
  4 orc wizards
  5 worker ants
  A hound zombie (D:7)
  A howler monkey zombie (D:6)
  6 gnolls (D:5)
  10 adders
  2 shadow imps (D:6)
  2 oozes
  2 adder skeletons
  3 worms
  6 dart slugs
  5 leopard geckos
  24 orcs
  11 bats
  13 giant cockroaches
  13 goblins
  11 hobgoblins
  15 jackals
  24 kobolds
  3 quokkas
  5 ball pythons
  7 frilled lizards
  A leopard gecko zombie (D:7)
  7 rats
218 creatures vanquished.

Vanquished Creatures (others)
  A centaur (D:6)
  3 orcs (D:6)
  A giant cockroach (D:6)
  4 plants
9 creatures vanquished.

Grand Total: 227 creatures vanquished

Notes
Turn   | Place    | Note
-------+----------+-------------------------------------------
     0 | D:1      | graki42 the Deep Elf Fire Elementalist began the quest for the Orb.
     0 | D:1      | Reached XP level 1. HP: 10/10 MP: 6/6
   173 | D:1      | Reached XP level 2. HP: 15/15 MP: 6/8
   455 | D:1      | Reached skill level 4 in Spellcasting
   455 | D:1      | Reached XP level 3. HP: 19/19 MP: 2/10
   638 | D:1      | Learned a level 3 spell: Conjure Flame
   642 | D:1      | Learned a level 3 spell: Inner Flame
  1105 | D:1      | Gained mutation: Your system is resistant to poisons. (rPois) [potion of mutation]
  1105 | D:1      | Gained mutation: You are weak. (Str -2) [potion of mutation]
  1105 | D:1      | Gained mutation: You tend to lose your temper in combat. [potion of mutation]
  1247 | D:2      | Reached XP level 4. HP: 20/24 MP: 3/12
  1266 | D:2      | Found a blossoming altar of Fedhas.
  1690 | D:2      | Learned a level 4 spell: Sticky Flame
  2097 | D:3      | Reached skill level 5 in Spellcasting
  2136 | D:3      | Reached XP level 5. HP: 20/28 MP: 0/14
  2294 | D:3      | Found a runed door.
  2444 | D:3      | Found a burning altar of Makhleb.
  2733 | D:3      | Noticed Crazy Yiuf
  2737 | D:3      | Killed Crazy Yiuf
  2830 | D:4      | Found a glowing drain.
  2854 | Sewer    | Entered a sewer
  3132 | Sewer    | Reached XP level 6. HP: 32/32 MP: 13/16
  3682 | D:4      | Reached skill level 6 in Spellcasting
  3780 | D:4      | Gained mutation: You have sharp toenails. [potion of mutation]
  3780 | D:4      | Gained mutation: You expend magic power (3 MP) to strengthen your wands. [potion of mutation]
  3790 | D:4      | Learned a level 5 spell: Fireball
  4499 | D:5      | Entered Level 5 of the Dungeon
  4501 | D:5      | Found a snail-covered altar of Cheibriados.
  4541 | D:5      | Noticed Eustachio
  4559 | D:5      | Killed Eustachio
  4559 | D:5      | Reached skill level 1 in Hexes
  4559 | D:5      | Reached skill level 5 in Fire Magic
  4559 | D:5      | Reached XP level 7. HP: 29/37 MP: 4/19
  4995 | D:5      | Reached skill level 7 in Spellcasting
  5281 | D:5      | Found a sparkling altar of Nemelex Xobeh.
  5665 | D:6      | Found Jity's Jewellery Emporium.
  5686 | D:6      | Found a sacrificial altar of Ru.
  5915 | D:6      | Noticed Pikel
  5931 | D:6      | Killed Pikel
  5931 | D:6      | Reached skill level 1 in Fighting
  5931 | D:6      | Reached skill level 8 in Spellcasting
  5931 | D:6      | Reached skill level 5 in Conjurations
  5931 | D:6      | Reached XP level 8. HP: 43/43 MP: 3/22
  6599 | D:7      | Reached skill level 9 in Spellcasting
  6926 | D:7      | Found a staircase to the Ecumenical Temple.
  6949 | Temple   | Entered the Ecumenical Temple
  6958 | Temple   | Became a worshipper of Vehumet
  7264 | D:7      | Found an opulent altar of Gozag.
  7264 | D:7      | Found a sparkling altar of Nemelex Xobeh.
  7268 | D:7      | Reached XP level 9. HP: 47/47 MP: 20/24
  7642 | D:8      | Reached skill level 10 in Spellcasting
  7799 | D:7      | Reached * piety under Vehumet
  7799 | D:7      | Offered knowledge of Freeze by Vehumet.
  7810 | D:7      | Hit by a tomahawk of returning thrown by an orc warrior

Skill      XL: |  1  2  3  4  5  6  7  8  9 |
---------------+----------------------------+-----
Spellcasting   | 4 5 6 8 9 10 | 10.2
Fire Magic     | 4 5 6 7 |  7.9
Conjurations   | 2 3 5 6 |  6.7
Stealth        | 3 4 |  4.3
Dodging        | 3 4 |  4.9
Hexes          | 1 2 |  2.4
Fighting       | 1 |  1.0
Short Blades   | |  0.2
Unarmed Combat | |  0.1
Evocations     | |  0.4

Action                   |  1- 3 |  4- 6 |  7- 9 || total
-------------------------+-------+-------+-------++-------
Melee: Unarmed           |     6 |     6 |       ||    12
       Dagger            |    35 |       |       ||    35
       Staff             |       |    38 |       ||    38
       Punch             |       |     1 |       ||     1
 Cast: Flame Tongue      |    75 |   149 |   152 ||   376
       Conjure Flame     |       |     4 |     8 ||    12
       Inner Flame       |       |     4 |     6 ||    10
       Sticky Flame      |       |     3 |    16 ||    19
       Fireball          |       |       |     1 ||     1
Evoke: Wand              |       |       |     1 ||     1
  Use: Scroll            |     5 |     7 |     1 ||    13
       Potion            |     1 |     1 |     3 ||     5
  Eat: Chunk             |     1 |    11 |     9 ||    21
Armor: Robe              |    10 |    11 |    10 ||    31
Dodge: Dodged            |    44 |    54 |    49 ||   147
